 Dungeon Sprint DCSS version 0.28-a0-1435-g82390b3a13 (webtiles) character file.

Game seed: 14533424673186037782

816 mhtbhm the Protected (level 7, -13/109 HPs)
             Began as a Minotaur Fighter on Jan 10, 2022.
             Was an Initiate of Gozag.
             Killed from afar by a molten gargoyle (22 damage)
             ... with a bolt of magma
             ... in the Dungeon (Sprint VII: "The Pits").
             The game lasted 00:01:54 (1009 turns).

mhtbhm the Protected (Minotaur Fighter)             Turns: 1009, Time: 00:01:54

Health: -13/109    AC: 15    Str: 23    XL:     7   Next: 62%
Magic:  6/6        EV:  9    Int:  5    God:    Gozag
Gold:   1332       SH:  6    Dex:  9    Spells: 6/6 levels left

rFire   . . .      SeeInvis .   n - +2 long sword (flame)
rCold   . . .      Faith    .   c - +0 buckler
rNeg    . . .      Spirit   .   b - +3 chain mail
rPois   .          Reflect  .   (helmet restricted)
rElec   .          Harm     .   (no cloak)
rCorr   .          Rampage  .   (no gloves)
Will    .....      NoTele   +   (no boots)
Stlth   ..........              (no amulet)
HPRegen 0.28/turn               (no ring)
MPRegen 0.10/turn               (no ring)

@: berserking, very quick
A: horns 2, retaliatory headbutt
a: Renounce Religion, Potion Petition, Call Merchant, Bribe Branch


You were in the Dungeon.
You worshipped Gozag.
Gozag was most pleased with you.
You visited 1 branch You collected 1332 gold pieces.

Inventory:

Hand Weapons
 a - a +2 falchion of holy wrath
 n - a +2 long sword of flaming (weapon)
Armour
 b - a +3 chain mail (worn)
 c - a +0 buckler (worn)
Scrolls
 j - a scroll of blinking
 l - 5 scrolls of amnesia
 m - a scroll of summoning
Potions
 d - a potion of might
 e - 6 potions of curing
 f - 4 potions of heal wounds
 g - a potion of haste
 h - 4 potions of magic
 i - a potion of berserk rage
 k - 2 potions of invisibility
 o - a potion of mutation {unknown}


   Skills:
 + Level 10.3 Fighting
 + Level 8.7 Long Blades
 + Level 12.2 Armour
 + Level 3.5 Dodging
 + Level 1.5 Stealth
 + Level 9.9 Shields


You had 6 spell levels left.
You didn't know any spells.
Your spell library was empty.

Dungeon Overview and Level Annotations

Branches:
Dungeon (1/1)

Altars:
Ashenzari
Cheibriados
Dithmenos
Elyvilon
Fedhas
Gozag
Hepliaklqana
Kikubaaqudgha
Makhleb
Nemelex Xobeh
Okawaru
Qazlal
Ru
Sif Muna
Trog
Uskayaw
Vehumet
Wu Jian
Xom
Yredelemnul
Zin
The Shining One
Beogh
Jiyva
Lugonu


Innate Abilities, Weirdness & Mutations

You have a pair of horns on your head.
You reflexively headbutt those who attack you in melee.


Message History

You are engulfed in flames!
You hit the molten gargoyle but do no damage.
The molten gargoyle is lightly damaged.
The molten gargoyle blasts magma at you!
The bolt of magma misses you.
Unknown command.
Okay, then.
You aren't carrying any items that you can evoke.
Unknown command.
A red film seems to cover your vision as you go berserk!
You feel yourself moving faster!
You feel mighty!
The jumping spider leaps!
The molten gargoyle hits you but does no damage.
You completely miss the molten gargoyle.
Your headbutt misses the molten gargoyle.
The molten gargoyle is lightly damaged.
The molten gargoyle blasts magma at you!
The bolt of magma hits you!!
* * * LOW HITPOINT WARNING * * *
Unknown command.
You barely miss the molten gargoyle.
Your headbutt misses the molten gargoyle.
The molten gargoyle is lightly damaged.
The jumping spider leaps!
You slice the molten gargoyle!!
Your headbutt misses the molten gargoyle.
The molten gargoyle is severely damaged.
The molten gargoyle blasts magma at you!
The bolt of magma hits you!!
* * * LOW HITPOINT WARNING * * *
The jumping spider leaps!
You hit the molten gargoyle but do no damage.
The molten gargoyle is severely damaged.
The molten gargoyle closely misses you.
You hit the molten gargoyle but do no damage.
You headbutt the molten gargoyle.
The molten gargoyle is almost destroyed.
The molten gargoyle blasts magma at you!
The bolt of magma hits you!!
You die...
Your body crumbles into a pile of gold.

#.#........##.......#
#.#........##.......#
#.#####'#####...<...#
#.#..[[))..##.......#
#)#...).)..##.......#
#)###########.......#
#)......#.. #########
#..###..#.######
#.......#@#....#
##.###.##9#....#
#.......#M'....+
#..###..#'#....#
#.......)°#....#
################


You could see a molten gargoyle and a mummy.

Vanquished Creatures
  Grinder (D)
  A flying skull (D)
  A fire bat (D)
  A black bear (D)
  A necrophage (D)
  An orc priest (D)
  A quasit (D)
  A gnoll shaman (D)
  An adder (D)
  A gnoll (D)
  A white imp (D)
  A worm (D)
  4 orcs (D)
  A bat (D)
  2 endoplasms (D)
  A hobgoblin (D)
  2 quokkas (D)
  2 frilled lizards (D)
24 creatures vanquished.

Notes
Turn   | Place    | Note
-------+----------+-------------------------------------------
     0 | D        | mhtbhm the Minotaur Fighter began the quest for the Orb.
     0 | D        | Reached XP level 1. HP: 19/19 MP: 0/0
    77 | D        | Found a bloodstained altar of Trog.
    77 | D        | Found a shimmering blue altar of Sif Muna.
    77 | D        | Found a viscous altar of Jiyva.
    77 | D        | Found a hazy altar of Hepliaklqana.
    77 | D        | Found an opulent altar of Gozag.
    78 | D        | Found a glowing golden altar of the Shining One.
    78 | D        | Found a glowing silver altar of Zin.
    78 | D        | Found a basalt altar of Yredelemnul.
    78 | D        | Found a shimmering altar of Xom.
    78 | D        | Found an ornate altar of the Wu Jian Council.
    78 | D        | Found a sacrificial altar of Ru.
    78 | D        | Found a stormy altar of Qazlal.
    78 | D        | Found an iron altar of Okawaru.
    78 | D        | Found a sparkling altar of Nemelex Xobeh.
    78 | D        | Found a burning altar of Makhleb.
    78 | D        | Found a blossoming altar of Fedhas.
    78 | D        | Found a white marble altar of Elyvilon.
    78 | D        | Found a shadowy altar of Dithmenos.
    78 | D        | Found a snail-covered altar of Cheibriados.
    80 | D        | Found a radiant altar of Vehumet.
    80 | D        | Found a corrupted altar of Lugonu.
    84 | D        | Found an ancient bone altar of Kikubaaqudgha.
    84 | D        | Found a hide-covered altar of Uskayaw.
    84 | D        | Found a broken altar of Ashenzari.
    89 | D        | Became a worshipper of Gozag Ym Sagoz the Greedy
   138 | D        | Reached skill level 4 in Armour
   138 | D        | Reached XP level 2. HP: 11/28 MP: 1/1
   325 | D        | Reached skill level 5 in Fighting
   325 | D        | Reached skill level 5 in Armour
   408 | D        | Reached skill level 5 in Shields
   521 | D        | Noticed a flying skull
   527 | D        | Killed a flying skull
   528 | D        | Reached skill level 9 in Armour
   528 | D        | Reached XP level 3. HP: 32/40 MP: 2/2
   528 | D        | Reached XP level 4. HP: 38/48 MP: 3/3
   528 | D        | Reached XP level 5. HP: 42/53 MP: 4/4
   727 | D        | Noticed a black bear
   730 | D        | Reached skill level 5 in Long Blades
   730 | D        | Noticed a fire bat
   749 | D        | Killed a black bear
   750 | D        | Reached skill level 10 in Armour
   750 | D        | Reached XP level 6. HP: 40/63 MP: 5/5
   754 | D        | Killed a fire bat
   755 | D        | Reached skill level 11 in Armour
   755 | D        | Reached skill level 1 in Stealth
   898 | D        | Reached XP level 7. HP: 68/71 MP: 6/6
   931 | D        | Noticed Grinder
   945 | D        | Killed Grinder
   946 | D        | Reached skill level 10 in Fighting
   946 | D        | Reached skill level 12 in Armour
   988 | D        | Noticed a jumping spider
   988 | D        | Noticed a molten gargoyle
  1009 | D        | Killed from afar by a molten gargoyle

Illustrated notes

Levels and vault maps discovered:
D:        pitsprint [storerooms_1, entrance_room_1, metal_vault_5, armoury_2,
          mini_pit_1, grid_room_1, main_hall_1, silver_pit, the_coven_2,
          the_vestibule_1, steel_vault_4, golden_pit, hallway_of_sentries,
          crystal_vault_6, iron_vault_1, final_vault]

Skill      XL: |  1  2  3  4  5  6  7 |
---------------+----------------------+-----
Fighting       | 4 7 9 10 | 10.3
Long Blades    | 3 4 6 7 8 |  8.7
Armour         | 4 9 10 11 12 | 12.2
Shields        | 4 7 8 9 |  9.9
Dodging        | 2 3 |  3.5
Stealth        | 1 |  1.5

Action                   |  1- 3 |  4- 6 |  7- 9 || total
-------------------------+-------+-------+-------++-------
Melee: Falchion          |    23 |    10 |       ||    33
       Long sword        |     5 |    29 |    37 ||    71
       Headbutt          |     3 |     6 |     4 ||    13
  Use: Potion            |     1 |       |     3 ||     4
 Stab: Distracted        |       |     1 |       ||     1
Armor: Scale mail        |     9 |     2 |       ||    11
       Chain mail        |       |    28 |     8 ||    36
Dodge: Dodged            |    14 |    28 |    12 ||    54
Block: Buckler           |     4 |    15 |     7 ||    26

Table legend: (Time is in decaauts)
 A = Elapsed time spent in this place.
 B = Non-inter-level travel time spent in this place.
 C = Inter-level travel time spent in this place.
 D = Time resting spent in this place.
 E = Time spent auto-exploring this place.
 F = Levels seen in this place.
 G = Mean time per level.
                   A        B        C        D        E       F      G
               +--------+--------+--------+--------+--------+-----+--------+
         Total |   1030 |   1030 |      0 |    681 |      0 |   1 | 1030.0 |
       Dungeon |   1030 |   1030 |      0 |    681 |      0 |   1 | 1030.0 |
               +--------+--------+--------+--------+--------+-----+--------+

Top non-repeatable levels by time:
       D: 1030 daAuts
